 Dungeon Crawl Stone Soup version 0.24.0-125-gc4c63601f3 (webtiles) character file.

Game seed: 14267231727446824210, levelgen mode: deterministic

19597 Peloso the Carver (level 12, -2/107 HPs)
             Began as a Minotaur Fighter on Mar 19, 2020.
             Was the Champion of Okawaru.
             Shot with an arrow by something (6 damage)
             ... on level 12 of the Dungeon.
             The game lasted 00:34:56 (11426 turns).

Peloso the Carver (Minotaur Fighter)               Turns: 11426, Time: 00:34:57

Health: -2/107     AC: 24    Str: 27    XL:     12   Next: 37%
Magic:  0/12       EV:  6    Int:  5    God:    Okawaru [******]
Gold:   623        SH: 13    Dex:  9    Spells: 11/11 levels left

rFire    + . .     SeeInvis .   a - +3 long sword (elec)
rCold    + . .     Gourm    .   c - +0 shield
rNeg     + . .     Faith    .   N - +0 crystal plate armour
rPois    +         Spirit   +   C - -2 hat of the Alchemist {rElec rPois rF+ rC+ rN+ MR+ rMut rCorr}
rElec    +         Reflect  .   (no cloak)
rCorr    +         Harm     .   (no gloves)
rMut     +         Rnd*Tele +   (no boots)
MR       +....                  k - amulet of guardian spirit
Stlth    ..........             u - ring of stealth
HPRegen  0.27/turn              M - +5 ring of protection
MPRegen  0.13/turn

@: lethally poisoned (-2 -> -41), about to teleport, very slightly contaminated,
hasted, very quick
A: retaliatory headbutt, horns 2, clumsy 1, strong 1, teleportitis 1
a: Heroism, Finesse, Renounce Religion


You were on level 12 of the Dungeon.
You worshipped Okawaru.
Okawaru was exalted by your worship.
You were not hungry.

You visited 3 branches of the dungeon, and saw 15 of its levels.

You collected 1151 gold pieces.
You spent 528 gold pieces at shops.

Inventory:

Hand Weapons
 a - a +3 long sword of electrocution (weapon)
 b - a +2 scimitar of flaming
Armour
 c - a +0 shield (worn)
 m - a +0 plate armour
 w - a +3 chain mail of fire resistance
 C - the -2 hat of the Alchemist (worn) {rElec rPois rF+ rC+ rN+ MR+ rMut rCorr}
   (You bought it in a shop on level 4 of the Dungeon)

   It protects you from fire.
   It protects you from cold.
   It insulates you from electricity.
   It protects you from poison.
   It protects you from negative energy.
   It affects your resistance to hostile enchantments.
   It provides partial protection from all sources of acid and corrosion.
   It protects you from mutation.
 N - a +0 crystal plate armour (worn)
Jewellery
 e - an uncursed ring of magical power
 k - an amulet of guardian spirit (around neck)
 u - a ring of stealth (left hand)
 x - an uncursed ring of stealth
 B - an uncursed ring of magical power
 L - an uncursed ring of wizardry
 M - a +5 ring of protection (right hand)
Wands
 y - a wand of paralysis (11)
 F - a wand of disintegration (2)
 J - a wand of iceblast (5)
 K - a wand of clouds (4)
Scrolls
 h - 4 scrolls of remove curse
 i - a scroll of vulnerability {unknown}
 j - 3 scrolls of magic mapping
 l - 2 scrolls of amnesia
 n - a scroll of teleportation
 o - 3 scrolls of fog
 p - 2 scrolls of noise {unknown}
 q - a scroll of acquirement {unknown}
 r - a scroll of blinking
 s - a scroll of enchant armour
 t - a scroll of immolation {unknown}
 z - a scroll of holy word {unknown}
 D - a scroll of summoning {unknown}
 H - a scroll of enchant weapon
 O - a scroll of fear {unknown}
Potions
 d - 2 potions of might
 v - a potion of resistance
 A - a potion of haste
 E - 2 potions of berserk rage
 G - a potion of magic
 I - a potion of flight
Comestibles
 f - 26 rations


   Skills:
 + Level 10.4 Fighting
 + Level 14.4 Long Blades
 + Level 11.5 Armour
 + Level 3.2 Dodging
 + Level 1.6 Stealth
 + Level 12.2 Shields
 + Level 2.1 Invocations
 + Level 1.0 Evocations


You had 11 spell levels left.
You didn't know any spells.
Your spell library contained the following spells:

 Spells                   Type           Power        Failure   Level  Hunger
 Infusion                 Chrm           #...         100%        1    ##.....
 Magic Dart               Conj           #...         100%        1    ##.....
 Searing Ray              Conj           #.....       100%        2    ###....
 Shroud of Golubria       Chrm/Tloc      #.....       100%        2    ###....
 Song of Slaying          Chrm           #.......     100%        2    ###....
 Dazzling Spray           Conj/Hex       #.....       100%        3    ####...
 Regeneration             Chrm/Necr      #.........   100%        3    ####...
 Spectral Weapon          Hex/Chrm       #.......     100%        3    ####...
 Cause Fear               Hex            #.........   100%        4    #####..
 Force Lance              Conj/Tloc      #.......     100%        4    #####..
 Fulminant Prism          Conj/Hex       #.........   100%        4    #####..
 Iskenderun's Mystic Bla  Conj           #.......     100%        4    #####..
 Silence                  Hex/Air        #.........   100%        5    ######.
 Yara's Violent Unravell  Hex/Tmut       #.........   100%        5    ######.
 Deflect Missiles         Chrm/Air       #.........   100%        6    #######
 Discord                  Hex            #.........   100%        8    #######


Dungeon Overview and Level Annotations

Branches:
Dungeon (12/15)            Temple (1/1) D:4            Lair (0/6) D:11
    Orc (2/2) D:10
    Elf: Orc:2

Altars:
Cheibriados
Dithmenos
Elyvilon
Gozag
Kikubaaqudgha
Okawaru
Qazlal
Ru
Sif Muna
Uskayaw
Vehumet
Xom
Yredelemnul
The Shining One

Shops:
D:4 [   D:7 (   D:8 [   D:10 [(   D:11 ?

Annotations:
D:6 5 runed translucent doors
D:7 2 runed translucent doors, exclusion: orange crystal statue
D:12 Nessos


Innate Abilities, Weirdness & Mutations

You reflexively headbutt those who attack you in melee.
You have a pair of horns on your head.
You are clumsy. (Dex -2)
Your muscles are strong. (Str +2)
You are occasionally teleported next to monsters.


Message History

As you read the scroll of blinking, it crumbles to dust.
* * * LOW HITPOINT WARNING * * *
You feel very sick.
Unknown command.
As you read the scroll of teleportation, it crumbles to dust.
You feel strangely unstable.
* * * LOW HITPOINT WARNING * * *
You feel very sick.
An arrow appears from out of thin air!
The arrow hits you.
* * * LOW HITPOINT WARNING * * *
You feel yourself speed up.
* * * LOW HITPOINT WARNING * * *
You feel very sick.
An arrow appears from out of thin air!
The arrow hits you!
* * * LOW HITPOINT WARNING * * *
You are more poisoned.
* * * LOW HITPOINT WARNING * * *
You feel very sick.
An arrow appears from out of thin air!
The arrow hits you!
You die...

#.#§# ##...#
#####....#
#########........# #
...............#(##.#
....####......(†(...#
...............#(...#
....####.(.....##...#
P #@......# ...{...
#..###### #...##.
#..#... ...#
#..#.##### ...# #
#..(...... .>.#
#.##..###### #.#
#...........
###....#######
.###...........


There were no monsters in sight!

Vanquished Creatures
  Erica (Orc:1)
  A two-headed ogre (D:10)
  An orc high priest (Orc:1)
  Urug (Orc:1)
  An unseen horror (D:10)
  A deep elf mage (D:10)
  4 orc sorcerers (Orc:1)
  Maurice (D:10)
  A manticore (D:11)
  A kobold demonologist (D:11)
  A komodo dragon (D:10)
  5 trolls
  2 hornets (D:11)
  A wraith (D:10)
  3 hippogriffs
  16 yaks (D:11)
  A basilisk (D:11)
  A hungry ghost (D:9)
  A water moccasin (D:11)
  A floating eye (D:10)
  3 porcupines (D:11)
  6 ice beasts
  15 orc warriors
  A phantom (D:7)
  3 black bears
  An eye of draining (D:11)
  2 sky beasts
  7 ogres
  3 centaurs
  3 crocodiles (D:11)
  11 big kobolds
  8 bullfrogs
  A wyvern zombie (D:10)
  A scorpion (D:11)
  11 killer bees
  7 howler monkeys
  7 crimson imps
  2 quasits (D:10)
  A bullfrog zombie (D:10)
  10 hounds
  23 orc wizards
  14 orc priests
  3 jellies
  5 bullfrog skeletons
  A centaur skeleton (D:9)
  Jessica (D:2)
  4 iguanas
  8 worker ants
  A killer bee zombie (D:10)
  2 worker ant zombies
  9 adders
  A gnoll (D:1)
  5 shadow imps
  2 oozes
  An adder skeleton (D:5)
  2 worms (D:3)
  A dart slug (D:1)
  5 leopard geckos
  81 orcs
  A ball python (D:2)
  3 bats
  6 giant cockroaches
  5 hobgoblins
  8 jackals
  39 kobolds
  2 quokkas
  2 frilled lizards
  6 goblins
  9 kobold skeletons (D:11)
  9 kobold zombies
  2 leopard gecko skeletons (D:4)
  A quokka skeleton (D:4)
  7 rats
417 creatures vanquished.

Vanquished Creatures (others)
  An orc wizard (D:8)
  A quokka (D:10)
  A kobold (D:11)
  2 plants (D:11)
5 creatures vanquished.

Grand Total: 422 creatures vanquished

Notes
Turn   | Place    | Note
-------+----------+-------------------------------------------
     0 | D:1      | Peloso the Minotaur Fighter began the quest for the Orb.
     0 | D:1      | Reached XP level 1. HP: 19/19 MP: 0/0
   106 | D:1      | Reached XP level 2. HP: 19/27 MP: 1/1
   641 | D:2      | Reached XP level 3. HP: 33/33 MP: 2/2
   810 | D:2      | Found a glowing golden altar of the Shining One.
   918 | D:2      | Reached skill level 3 in Long Blades
   929 | D:2      | Noticed Jessica
   942 | D:2      | Killed Jessica
   942 | D:2      | Reached XP level 4. HP: 14/41 MP: 1/3
  1690 | D:3      | Gained mutation: You are occasionally teleported next to
                  | monsters. [potion of mutation]
  1690 | D:3      | Gained mutation: You are somewhat resistant to further
                  | mutation. [potion of mutation]
  1754 | D:4      | Found a staircase to the Ecumenical Temple.
  2052 | Temple   | Entered the Ecumenical Temple
  2112 | Temple   | Became a worshipper of Warmaster Okawaru
  2227 | D:4      | Reached XP level 5. HP: 43/47 MP: 4/4
  2257 | D:4      | You fall into a shaft and drop 1 floor!
  2257 | D:5      | Entered Level 5 of the Dungeon
  2271 | D:5      | Reached skill level 4 in Long Blades
  2365 | D:5      | Reached skill level 5 in Fighting
  2406 | D:5      | Noticed an ice beast
  2409 | D:5      | Killed an ice beast
  2409 | D:5      | Reached * piety under Okawaru
  2409 | D:5      | Reached skill level 5 in Long Blades
  2409 | D:5      | Reached skill level 1 in Dodging
  2409 | D:5      | Reached skill level 5 in Shields
  2409 | D:5      | Reached XP level 6. HP: 47/56 MP: 3/5
  2569 | D:5      | Reached skill level 5 in Armour
  2575 | D:5      | Reached skill level 6 in Long Blades
  2608 | D:5      | Reached XP level 7. HP: 52/61 MP: 6/6
  2787 | D:6      | Found a radiant altar of Vehumet.
  3032 | D:5      | Reached ** piety under Okawaru
  3032 | D:5      | Reached skill level 7 in Long Blades
  3374 | D:6      | Reached XP level 8. HP: 54/70 MP: 5/7
  3565 | D:6      | Found a runed translucent gate.
  3568 | D:6      | Found the +9 staff of Olgreb {rPois}
  3571 | D:6      | Found a runed translucent door.
  3628 | D:6      | Found a stormy altar of Qazlal.
  3744 | D:6      | Found a runed translucent gate.
  3744 | D:6      | Found a runed translucent gate.
  3775 | D:6      | Found a runed translucent door.
  3777 | D:6      | Got a distressingly furry scale mail
  3788 | D:6      | Identified the cursed +0 scale mail of Kisaor {Int+3} (You
                  | found it on level 6 of the Dungeon)
  3867 | D:4      | Found a sacrificial altar of Ru.
  3867 | D:4      | Found a basalt altar of Yredelemnul.
  4060 | D:4      | Found a shadowy altar of Dithmenos.
  4220 | D:4      | Found a shimmering altar of Xom.
  4479 | D:4      | Found Dawaumno's Armour Boutique.
  4717 | D:7      | Reached skill level 8 in Long Blades
  4828 | D:7      | Reached *** piety under Okawaru
  4842 | D:7      | Found a white marble altar of Elyvilon.
  4989 | D:7      | Noticed an orange crystal statue
  5001 | D:7      | Found a runed translucent door.
  5013 | D:7      | Found the +10 large shield of Ignorance {rN+ Int-4}
  5052 | D:7      | Found a runed translucent door.
  5178 | D:7      | Found Vaghuath's Weapon Boutique.
  5190 | D:7      | Found an ancient bone altar of Kikubaaqudgha.
  5268 | D:7      | Reached XP level 9. HP: 78/78 MP: 8/8
  5560 | D:8      | Found a hide-covered altar of Uskayaw.
  5560 | D:8      | Noticed a +0 hand axe
  5561 | D:8      | Noticed a +0 hand axe
  5584 | D:8      | Reached skill level 9 in Long Blades
  5658 | D:8      | Reached **** piety under Okawaru
  5911 | D:4      | Bought the -2 hat of the Alchemist {rElec rPois rF+ rC+ rN+
                  | MR+ rMut rCorr} for 472 gold pieces
  5911 | D:4      | Found the -2 hat of the Alchemist {rElec rPois rF+ rC+ rN+
                  | MR+ rMut rCorr}
  5918 | D:4      | Lost mutation: You are somewhat resistant to further
                  | mutation. [potion of mutation]
  5918 | D:4      | Gained mutation: You are clumsy. (Dex -2) [potion of
                  | mutation]
  5918 | D:4      | Gained mutation: Your muscles are strong. (Str +2) [potion
                  | of mutation]
  6088 | D:8      | Found a shimmering altar of Xom.
  6122 | D:8      | Found Icilass's Antique Armour Boutique.
  6545 | D:9      | Reached skill level 10 in Long Blades
  6857 | D:9      | Found an opulent altar of Gozag.
  6960 | D:9      | Reached ***** piety under Okawaru
  7168 | D:10     | Entered Level 10 of the Dungeon
  7230 | D:10     | Reached XP level 10. HP: 86/88 MP: 9/9
  7509 | D:10     | Found Hixiguz's Armour Boutique.
  7511 | D:10     | Found a staircase to the Orcish Mines.
  7518 | D:10     | Received a gift from Okawaru
  7518 | D:10     | Reached skill level 11 in Long Blades
  7532 | D:10     | Found Hiteomoe's Weapon Boutique.
  7534 | D:10     | Noticed Maurice
  7562 | D:10     | Killed Maurice
  7574 | Orc:1    | Entered Level 1 of the Orcish Mines
  7621 | Orc:1    | Noticed an orc sorcerer
  7628 | Orc:1    | Killed an orc sorcerer
  7628 | Orc:1    | Reached skill level 1 in Stealth
  7666 | Orc:1    | Reached skill level 10 in Shields
  7669 | Orc:1    | Reached skill level 12 in Long Blades
  7677 | Orc:1    | Reached skill level 1 in Evocations
  7757 | Orc:1    | Noticed Urug
  7757 | Orc:1    | Noticed Erica
  7791 | Orc:1    | Noticed an orc sorcerer
  7997 | Orc:1    | Noticed an orc sorcerer
  8011 | Orc:1    | Killed an orc sorcerer
  8193 | Orc:1    | Paralysed by an orc sorcerer for 7 turns
  8204 | Orc:1    | Killed an orc sorcerer
  8204 | Orc:1    | Reached XP level 11. HP: 6/95 MP: 0/10
  8396 | Orc:1    | Killed Erica
  8456 | Orc:1    | Killed Urug
  8872 | Orc:1    | Noticed an orc sorcerer
  8873 | Orc:1    | Noticed an orc high priest
  8890 | Orc:1    | Killed an orc high priest
  8890 | Orc:1    | Received a gift from Okawaru
  8890 | Orc:1    | Reached skill level 13 in Long Blades
  8890 | Orc:1    | Reached skill level 1 in Invocations
  8895 | Orc:1    | Killed an orc sorcerer
  9104 | Orc:2    | Entered Level 2 of the Orcish Mines
  9507 | D:10     | Killed an unseen horror
  9507 | D:10     | Reached skill level 10 in Armour
  9699 | D:10     | Noticed a deep elf mage
  9716 | D:10     | Killed a deep elf mage
  9716 | D:10     | Received a gift from Okawaru
  9728 | D:10     | Got a transparent shield {god gift}
  9734 | D:10     | Identified the +6 shield of Depression {+Blink +Fly rC++
                  | Str-4} (Okawaru gifted it to you on level 10 of the
                  | Dungeon)
  9790 | D:10     | Noticed a two-headed ogre
  9799 | D:10     | Killed a two-headed ogre
  9901 | D:11     | Reached skill level 10 in Fighting
  9903 | D:11     | Found a staircase to the Lair.
  9970 | D:11     | Reached skill level 14 in Long Blades
 10027 | D:11     | Reached XP level 12. HP: 18/106 MP: 3/12
 10421 | D:11     | Reached ****** piety under Okawaru
 10898 | D:11     | Found Saucwen's Magic Scroll Shoppe.
 10904 | D:11     | Bought a scroll of magic mapping for 56 gold pieces
 10993 | D:11     | Found an ancient bone altar of Kikubaaqudgha.
 11402 | D:12     | Noticed Nessos
 11405 | D:12     | Received a gift from Okawaru
 11426 | D:12     | HP: 4/107 [poisoned by Nessos]
 11426 | D:12     | Shot with an arrow by something

Levels and vault maps discovered:
D:1:      roderic_crossed_star, layout_loops_ring
D:2:      layout_basic, nicolae_tso_carved_into_rock, uniq_jessica
D:3:      minmay_general_purpose_star, layout_basic, skrybe_limestone_x
D:4:      layout_basic, old_standard_altar, grunt_dithmenos_shadows,
          nicolae_overflow_hidden_temple, minmay_temple_entry_statues_pillars,
          first_ration, serial_shops, shop
D:5:      layout_rooms
D:6:      layout_rooms, vehumet_crystals, grunt_qazlal_sundering,
          minmay_guarded_unrand_staff_of_olgreb
D:7:      layout_basic, lemuel_doored_altar, lemuel_crystal_altar, serial_shops,
          shop, chequers_guarded_unrand_ignorance
D:8:      layout_rooms, dancing_weapons_uskayaw, serial_shops, shop, basic_altar
D:9:      layout_loops_ring, grunt_gozag_statues
D:10:     minmay_s_stair_smasher, layout_loops_ring, orc_david_3,
          onia_ninara_cookie, uniq_maurice
D:11:     wander_kiku_kobolds, layout_long_grid, minmay_lair_entry_grove,
          serial_shops, shop, hangedman_pestilent_swarm
D:12:     layout_basic, fedhas_altar_1, uniq_nessos
Temple:   minmay_temple_curvy_loop
Orc:1:    layout_caves, uniq_urug, uniq_erica
Orc:2:    kennysheep_orc_mage_school, layout_caves

Skill      XL: |  1  2  3  4  5  6  7  8  9 10 11 12 |
---------------+-------------------------------------+-----
Fighting       | 4 5 6 7 8 10 | 10.4
Shields        | 4 5 6 7 9 10 11 12 | 12.2
Armour         | 4 5 7 8 9 10 11 | 11.5
Long Blades    | 3 5 6 7 8 10 12 14 | 14.4
Dodging        | 1 2 3 |  3.2
Stealth        | 1 |  1.6
Evocations     | 1 |  1.0
Invocations    | 1 2 |  2.1

Action                   |  1- 3 |  4- 6 |  7- 9 | 10-12 || total
-------------------------+-------+-------+-------+-------++-------
Melee: Long sword        |    95 |   101 |   320 |   567 ||  1083
       Headbutt          |     8 |    19 |    60 |   110 ||   197
Invok: Heroism           |       |       |       |    12 ||    12
Evoke: Wand              |       |       |       |     1 ||     1
  Use: Potion            |       |     5 |     3 |     4 ||    12
       Scroll            |       |     9 |     3 |     9 ||    21
 Stab: Distracted        |       |       |       |     1 ||     1
       Paralysed         |       |       |       |     1 ||     1
  Eat: Chunk             |       |     2 |    13 |    12 ||    27
       Ration            |       |     1 |     1 |     1 ||     3
Armor: Chain mail        |    64 |    50 |    14 |       ||   128
       Plate armour      |       |       |   159 |   131 ||   290
       Crystal plate arm |       |       |       |    95 ||    95
Dodge: Dodged            |    23 |    24 |    71 |   145 ||   263
Block: Shield            |    57 |    52 |   222 |   345 ||   676
       Rpst.: Long sword |     7 |     6 |    27 |    35 ||    75
